Map: New Repugnancy LE

Players

PtitDrogo

  • Race: Protoss Protoss
  • League: Master
  • Spawn Location: 1:00

Serral - Winner!

  • Race: Zerg Zerg
  • League: Grandmaster
  • Spawn Location: 7:00

Event: 2019 Assembly Summer

VOD

Have the link to the VOD?

Description

Time

  • Played on: Aug. 2, 2019, 10:28 a.m.
  • Length: 11:04

All games in this series

Show
View Real Time Build Order
Export as new Build Order

PtitDrogo Protoss 

Build Orders: 1 Gate Expand, Archon Immortal, Archon Drop, Dark Templar Rush 

Get SALT Encoding   

  12  0:00  Probe  
  13  0:12  Probe  
  14  0:19  Pylon  
  14  0:24  Probe  
  15  0:34  Probe  
  15  0:42  Gateway, Probe  
  17  0:51  Assimilator  
  17  0:52  Probe  
  18  1:04  Probe  
  19  1:16  Probe  
  20  1:26  Nexus  
  20  1:35  Cybernetics Core  
  20  1:39  Probe  
  21  1:45  Assimilator  
  21  1:51  Probe  
  22  1:54  Pylon  
  22  2:03  Probe  
  22  2:04  Adept  
  26  2:15  Probe  
  26  2:19  Twilight Council  
  26  2:23  Warp Gate  
  26  2:24  Stalker  
  26  2:27  Probe  
  27  2:35  Probe  
  29  2:39  Probe  
  29  2:43  Probe  
  32  2:52  Probe  
  32  2:53  Probe  
  32  2:55  Robotics Facility  
  34  3:04  Probe  
  34  3:05  Probe  
  36  3:16  Probe  
  36  3:17  Probe  
  38  3:20  Dark Shrine  
  38  3:27  Gateway  
  38  3:28  Gateway  
  38  3:29  Probe x2  
  38  3:32  Warp Prism  
  40  3:36  Gateway  
  40  3:45  Probe  
  40  3:47  Probe  
  44  3:50  Assimilator  
  44  3:57  Assimilator  
  44  4:01  Pylon  
  44  4:02  Probe x2  
  46  4:07  Pylon  
  46  4:19  Probe x2  
  48  4:31  Probe x2  
  48  4:36  Dark Templar x3, Pylon  
  48  4:37  Dark Templar  
  58  4:40  Archon  
  58  4:43  Probe, Archon  
  59  4:47  Observer  
  59  4:50  Nexus  
  60  4:53  Pylon  
  60  4:55  Probe  
  61  5:04  Immortal  
  62  5:14  Probe  
  62  5:16  Probe  
  62  5:18  Forge  
  62  5:19  Pylon  
  67  5:25  Sentry  
  67  5:26  Sentry, Probe  
  72  5:28  Zealot x2  
  72  5:35  Probe  
  77  5:36  Pylon  
  77  5:37  Immortal  
  77  5:38  Probe  
  78  5:47  Probe  
  83  5:53  Pylon  
  83  5:54  Dark Templar  
  85  5:57  Probe  
  85  6:01  Protoss Ground Weapons Level 1  
  86  6:04  Templar Archives  
  86  6:05  Gateway  
  86  6:08  Gateway, Probe  
  86  6:10  Probe  
  86  6:11  Probe  
  87  6:17  Probe  
  89  6:24  Charge  
  91  6:25  Probe  
  91  6:29  Probe x2  
  93  6:36  Dark Templar  
  93  6:37  Probe, Assimilator, Pylon  
  96  6:41  Probe, Assimilator, Archon  
  96  6:43  Probe  
  96  6:45  Immortal  
  102  6:49  Probe, Pylon  
  102  6:53  Probe  
  104  6:55  Probe  
  105  7:02  Gateway, Probe  
  105  7:03  Gateway  
  105  7:05  Probe  
  105  7:07  High Templar, Probe  
  105  7:08  High Templar  
  112  7:09  Zealot x3  
  112  7:14  Gateway, Probe, Archon  
  119  7:17  Shield Battery, Probe  
  119  7:20  Immortal, Shield Battery  
  120  7:23  Pylon  
  122  7:45  High Templar x4  
  122  7:46  Zealot x2  
  116  8:01  Photon Cannon  
  116  8:03  Shield Battery, Protoss Ground Weapons Level 2  
  114  8:09  Zealot x5  
  122  8:16  Pylon  
  122  8:17  Blink  
  122  8:18  Dark Templar x2  
  126  8:27  Zealot  
  126  8:28  Zealot  
  126  8:33  Immortal  
  130  8:35  Dark Templar  
  130  8:38  Zealot  
  130  8:39  Zealot  
  128  8:42  Zealot x2  
  128  8:45  Probe x2  
  119  8:50  Probe  
  119  8:52  Zealot x4  
  128  8:57  Probe  
  128  8:58  Probe  
  128  9:02  Zealot x2  
  131  9:03  Zealot  
  126  9:10  High Templar x2  
  126  9:14  Archon  
  126  9:15  High Templar x2, Zealot  
  132  9:18  Nexus  
  132  9:20  Archon, Pylon  
  132  9:26  Zealot  
  130  9:31  Zealot  
  128  9:42  Zealot x5  
  130  9:49  Zealot x3  
  136  9:57  Probe  
  136  9:58  Zealot, Probe  
  136  9:59  Probe  
  123  10:05  High Templar x3  
  123  10:06  High Templar, Zealot  
  133  10:09  Probe  
  133  10:10  Archon x2  
  133  10:11  Photon Cannon  
  133  10:12  Shield Battery, Photon Cannon  
  134  10:15  Dark Templar x3  
  138  10:25  Zealot  
  140  10:33  Zealot  
  138  10:38  Zealot x4  
  120  10:48  Probe  
  120  10:49  Zealot x4  
Show
View Real Time Build Order
Export as new Build Order

Serral Zerg - Winner!

Build Orders: Hatch First, Swarm Host 

Get SALT Encoding   

  12  0:00  Drone  
  13  0:12  Overlord  
  13  0:16  Drone  
  14  0:30  Drone  
  14  0:31  Drone  
  16  0:43  Drone  
  17  0:53  Hatchery  
  17  0:54  Drone  
  17  0:58  Drone  
  18  1:08  Extractor  
  17  1:13  Spawning Pool  
  17  1:16  Drone  
  17  1:19  Drone  
  18  1:28  Drone  
  19  1:39  Overlord  
  19  1:52  Drone  
  20  1:59  Queen  
  20  2:00  Zergling x2  
  23  2:08  Queen  
  25  2:09  Metabolic Boost  
  25  2:11  Zergling x2  
  26  2:16  Drone x2  
  28  2:26  Drone x2  
  30  2:40  Hatchery, Zergling x2  
  30  2:45  Overlord  
  30  2:49  Drone  
  31  2:56  Queen  
  31  2:58  Drone  
  34  3:01  Drone  
  34  3:03  Drone  
  37  3:05  Drone  
  37  3:08  Drone  
  37  3:10  Drone  
  37  3:12  Drone  
  40  3:17  Drone x2  
  42  3:21  Overlord  
  42  3:23  Drone  
  42  3:25  Drone  
  44  3:33  Lair  
  44  3:40  Extractor  
  44  3:41  Roach Warren  
  42  3:42  Drone  
  42  3:43  Drone  
  42  3:45  Drone  
  45  3:48  Drone x2  
  45  3:50  Drone  
  45  3:52  Drone  
  45  3:53  Drone  
  50  3:56  Drone  
  50  3:58  Drone  
  52  4:03  Overlord  
  52  4:06  Queen  
  52  4:07  Extractor  
  53  4:10  Overlord  
  52  4:21  Roach x2  
  52  4:23  Roach x3  
  62  4:27  Roach  
  62  4:31  Roach x2  
  68  4:32  Overseer  
  68  4:36  Zergling x2  
  68  4:37  Zergling x4  
  71  4:40  Overseer  
  71  4:44  Drone x2  
  73  4:47  Overlord  
  73  4:51  Overlord  
  73  4:55  Overlord  
  71  5:08  Drone x7  
  78  5:15  Drone x4  
  78  5:18  Drone x3  
  85  5:25  Drone x5  
  90  5:28  Extractor  
  90  5:30  Evolution Chamber  
  90  5:33  Queen  
  88  5:35  Overseer  
  88  5:37  Zergling x4  
  88  5:40  Glial Reconstitution  
  91  5:42  Zergling x2  
  91  5:43  Zergling x2  
  91  5:46  Drone x2  
  91  5:48  Roach  
  96  5:52  Drone x2  
  96  5:55  Extractor x2  
  96  5:56  Zerg Missile Weapons Level 1  
  96  5:57  Overlord  
  96  5:58  Infestation Pit  
  96  6:00  Overlord  
  96  6:03  Drone x3  
  98  6:06  Overlord  
  98  6:11  Overlord  
  98  6:25  Drone x2  
  98  6:26  Queen  
  100  6:33  Overseer  
  99  6:41  Swarm Host  
  99  6:42  Swarm Host x9  
  99  6:45  Overlord  
  129  6:47  Overlord  
  129  6:50  Overlord  
  129  6:53  Hatchery  
  128  6:57  Overlord x2  
  128  7:03  Swarm Host  
  128  7:04  Swarm Host x2  
  137  7:11  Overlord  
  137  7:13  Roach x5  
  147  7:18  Roach x3  
  147  7:19  Roach  
  147  7:20  Ravager  
  156  7:24  Roach x3  
  162  7:34  Queen  
  164  7:38  Roach, Swarm Host  
  164  7:39  Swarm Host  
  169  7:44  Overlord x2  
  169  7:45  Overlord x3  
  169  7:59  Overseer  
  169  8:03  Roach x9  
  187  8:06  Queen  
  189  8:16  Roach x5  
  199  8:23  Zerg Missile Weapons Level 2  
  197  8:37  Roach  
  185  8:49  Overseer  
  185  8:50  Roach x8  
  192  8:59  Ravager x8  
  185  9:10  Roach x7, Zergling x2  
  189  9:40  Roach x6  
  183  9:50  Roach x12  
  183  9:51  Overseer  
  189  10:02  Roach x6  
  199  10:08  Overseer  
  199  10:14  Overseer, Pneumatized Carapace  
  199  10:18  Baneling Nest  
  194  10:32  Roach  
  194  10:33  Roach x6  
  192  10:39  Roach x5  
  192  10:40  Roach x9  
  189  10:45  Roach  
Tags
 
Add a new tag
Caveats
  • Supply blocks, unpowered buildings, or Contaminate may cause inaccurate times.
  • Supply counts are checked every 10 seconds.